 Dungeon Crawl Stone Soup version 0.31-a0-446-g07c4bd200f (webtiles) character file.

Game seed: 4342734044143837707

3352 Ethylacetat the Insei (level 10, -2/5 HPs)
             Began as a Vine Stalker Monk on Aug 3, 2023.
             Killed from afar by Maggie (7 damage)
             ... with a bolt of fire
             ... on level 7 of the Dungeon.
             The game lasted 00:07:17 (5180 turns).

Ethylacetat the Insei (Vine Stalker Monk)           Turns: 5180, Time: 00:07:17

Health: -2/5       AC: 15    Str: 14    XL:     10   Next: 3%
Magic:  0/19       EV: 34    Int: 10    God:
Gold:   244        SH:  0    Dex: 24    Spells: 17/20 levels left

rFire   . . .        d - melded +2 dagger (flame)
rCold   . . .        c - melded orb {light}
rNeg    . . .        a - melded +0 robe
rPois   ∞            (helmet currently unavailable)
rElec   +            (cloak currently unavailable)
rCorr   .            (gloves currently unavailable)
SInv    +            (boots currently unavailable)
Will    +....        (no amulet)
Stlth   ++           u - ring "Amegom" {Dex+3 SInv}
HPRegen 1.00/turn    (no ring)
MPRegen 0.16/turn

%: guardian spirit
@: storm-form, flying
A: cleaving, insubstantial, flying, reduced hp, (fangs 3), regeneration 1, magic
shield, (antimagic bite), no potion heal 2
a: Blinkbolt, Begin Untransformation


You were on level 7 of the Dungeon.
You were a lightning-filled tempest!
You visited 2 branches of the dungeon, and saw 8 of its levels.

You collected 348 gold pieces.
You spent 104 gold pieces at shops.

Inventory:

Hand Weapons
 d - a +2 dagger of flaming (melded)
Armour
 a - a +0 robe (melded)
 c - an orb of light (melded)
 o - a +2 ring mail of cold resistance
Jewellery
 u - the ring "Amegom" (left fist) {Dex+3 SInv}
   (You found it on level 4 of the Dungeon)

   [ring of see invisible]

   Dex:       It affects your dexterity (+3).
   SInv:      It lets you see invisible.
 D - a ring of protection from fire
 E - a ring of see invisible
Talismans
 m - a storm talisman (active)
Wands
 q - a wand of light (7)
Scrolls
 e - 8 scrolls of identify {unknown}
 f - 2 scrolls of fog {unknown}
 j - 2 scrolls of amnesia {unknown}
 k - 3 scrolls of fear {unknown}
 n - a scroll of teleportation {unknown}
 r - 3 scrolls of immolation {unknown}
 s - 2 scrolls of vulnerability {unknown}
 x - a scroll of blinking {unknown}
 y - 2 scrolls of summoning {unknown}
 C - 2 scrolls of revelation {unknown}
Potions
 b - 2 potions of ambrosia
 g - 2 potions of lignification {unknown}
 h - 2 potions of curing {unknown}
 i - a potion of resistance {unknown}
 l - 2 potions of attraction
 p - 3 potions of brilliance {unknown}
 t - a potion of mutation {unknown}
 v - a potion of enlightenment {unknown}
 w - 3 potions of heal wounds {unknown}
 z - a potion of haste {unknown}
 A - a potion of invisibility {unknown}
 B - a potion of might


   Skills:
 + Level 6.4 Fighting
 - Level 3.0 Dodging
 + Level 7.0 Unarmed Combat
 + Level 5.8 Spellcasting
 * Level 6.9 Shapeshifting


You had 17 spell levels left.
You knew the following spells:

 Your Spells              Type           Power      Damage    Failure   Level
a - Vhi's Electric Charg  Tloc/Air       4%         N/A       54%         3

Your spell library contained the following spells:

 Spells                   Type           Power      Damage    Failure   Level
 Freeze                   Ice            8%         1d3       22%         1
 Slow                     Hex            8%         N/A       22%         1
 Confusing Touch          Hex            2%         N/A       54%         3
 Frozen Ramparts          Ice            4%         1d1       54%         3
 Hailstorm                Conj/Ice       2%         3d3       54%         3
 Vampiric Draining        Necr           2%         2d6       54%         3
 Arcjolt                  Conj/Air       1%         1d11      99%         5
 Plasma Beam              Fire/Air       1%         2x1d11    100%        6


Dungeon Overview and Level Annotations

Branches:
Dungeon (7/15)             Temple (1/1) D:4

Altars:
Ashenzari
Cheibriados
Dithmenos
Fedhas
Gozag
Hepliaklqana
Kikubaaqudgha
Makhleb
Nemelex Xobeh
Okawaru
Qazlal
Ru
Sif Muna
Trog
Uskayaw
Vehumet
Wu Jian
Xom
Yredelemnul
Zin
The Shining One

Shops:
D:4 [   D:6 !

Annotations:
D:7 Maggie


Innate Abilities, Weirdness & Mutations

You are a lightning-filled tempest!
Your electrical attacks strike out in all directions at once.
You are incredibly evasive.
Your insubstantial body is immune to petrification, constriction, and being set on fire You are flying.
Your maximum health is decreased, since you lack skill for your form.
Your armour is entirely melded.
You are incapable of wielding weapons or throwing items.
You are immune to poison.
((You have razor-sharp teeth.))
Your natural rate of healing is unusually fast.
When hurt, damage is shared between your health and your magic reserves.
((Your bite disrupts and absorbs the magic of your enemies.))
Potions cannot restore your health.


Message History

a +2 whip of freezing; a +0 robe You batter the sky beast!!
You kill the sky beast!
No target in view!
No target in view!
You see here a sky beast corpse.
Things that are here:
a +0 giant club; an ogre skeleton You see here a +0 orcbow.
Things that are here:
a +0 falchion; a +2 robe of resistance
Things that are here:
a +2 falchion; a +0 robe Maggie the Vainglorious comes into view.
She is wielding a +2 war axe of pain.
Maggie casts a spell.
Maggie attempts to bespell you! You resist with almost no effort.
Maggie is nearby!
Found 11 gold pieces.
Maggie hits you but does no damage.
You writhe in agony.
You completely miss Maggie. You batter Maggie!!
Maggie is heavily wounded.
Maggie hits you with a +2 war axe of pain!
You writhe in agony.
You barely miss Maggie.
Maggie is heavily wounded.
Maggie barely misses you.
You completely miss Maggie.
Maggie is heavily wounded.
Maggie gestures at you while chanting. The bolt of fire misses you.
You buffet Maggie!
Maggie is severely wounded.
Maggie completely misses you.
You barely miss Maggie.
Maggie is severely wounded.
Maggie casts a spell at you. The bolt of fire hits you!
Ouch! That really hurt!
You die...

#.# ...#.$. #.#
.#.#.. . #.# ..... ..
#.# ########... #(#
.......... #.#
.........# #.####
####.....#..# #....#
#...v@......# ###...
#.####.###..#####....
#.# # #..##.......
#.# #..##.##....
#.########..##.....#.
#.......>......###...
#.#####.#.###.#####.#
#.####....# #.......#
#...##..#.###.#####..


You could see Maggie.

Vanquished Creatures
  Pikel (D:7)
  Sigmund (D:3)
  A steam dragon (D:7)
  Menkaure (D:6)
  Duvessa (D:4)
  2 sky beasts (D:7)
  An ice beast (D:7)
  2 black bears (D:4)
  4 ogres
  3 phantoms
  2 lemures (D:7)
  A centaur (D:7)
  A kobold brigand (D:6)
  Blork the orc (D:5)
  6 scorpions
  5 wights (D:7)
  Dowan (D:4)
  3 hounds
  2 orc priests
  2 jellies
  3 orc wizards
  2 iguanas
  9 adders
  A shadow imp (D:6)
  An ufetubus (D:6)
  4 worms
  2 dart slugs
  11 orcs
  6 bats
  3 endoplasms
  5 giant cockroaches
  9 goblins
  4 hobgoblins (D:1)
  6 jackals
  3 quokkas
  8 ball pythons
  5 frilled lizards
  16 kobolds
  3 rats
142 creatures vanquished.

Notes
Turn   | Place    | Note
-------+----------+-------------------------------------------
     0 | D:1      | Ethylacetat the Vine Stalker Monk began the quest for the
                  | Orb.
     0 | D:1      | Reached XP level 1. HP: 11/11 MP: 2/2
   102 | D:1      | Reached XP level 2. HP: 13/16 MP: 3/3
   289 | D:1      | Reached XP level 3. HP: 20/20 MP: 4/4
   779 | D:2      | Identified the +0 lajatang of Beruic Fase {flame, Fragile
                  | rElec rPois Int-5}
   841 | D:2      | Gained mutation: Your natural rate of healing is unusually
                  | fast. [Vine Stalker growth]
   841 | D:2      | Reached XP level 4. HP: 13/24 MP: 5/5
  1493 | D:3      | Noticed Sigmund
  1502 | D:3      | Killed Sigmund
  1503 | D:3      | Reached skill level 4 in Unarmed Combat
  1503 | D:3      | Reached skill level 1 in Spellcasting
  1503 | D:3      | Reached skill level 1 in Shapeshifting
  1503 | D:3      | Reached XP level 5. HP: 2/29 MP: 3/8
  1503 | D:3      | Reached XP level 6. HP: 3/33 MP: 3/9
  1657 | D:3      | Found an ornate altar of the Wu Jian Council.
  1744 | D:3      | Found a glowing silver altar of Zin.
  1769 | D:3      | Found an ancient bone altar of Kikubaaqudgha.
  1811 | D:3      | Noticed a spectral centipede
  1811 | D:3      | Noticed a spectral black mamba
  1811 | D:3      | Noticed a spectral cane toad
  1843 | D:3      | Found a broken altar of Ashenzari.
  2119 | D:4      | Noticed a black bear
  2125 | D:4      | Killed a black bear
  2126 | D:4      | Reached XP level 7. HP: 3/37 MP: 11/11
  2216 | D:4      | Found a bloodstained altar of Trog.
  2293 | D:4      | Noticed Duvessa
  2294 | D:4      | Noticed Dowan
  2297 | D:4      | Killed Duvessa
  2299 | D:4      | Killed Dowan
  2421 | D:4      | Reached skill level 5 in Unarmed Combat
  2442 | D:4      | Found a radiant altar of Vehumet.
  2551 | D:4      | Identified the ring "Amegom" {Dex+3 SInv}
  2573 | D:4      | Gained mutation: You have razor-sharp teeth. [Vine Stalker
                  | growth]
  2573 | D:4      | Reached XP level 8. HP: 4/42 MP: 11/13
  2616 | D:4      | You are sucked into a shaft and drop 1 floor!
  2616 | D:5      | Entered Level 5 of the Dungeon
  2756 | D:4      | Found a staircase to the Ecumenical Temple.
  2782 | Temple   | Entered the Ecumenical Temple
  2967 | D:4      | Found Qiped's Armour Shoppe.
  3288 | D:4      | Found a sparkling altar of Nemelex Xobeh.
  3288 | D:4      | Found an opulent altar of Gozag.
  3484 | D:5      | Noticed Blork the orc
  3486 | D:5      | Killed Blork the orc
  3487 | D:5      | Reached skill level 5 in Fighting
  3732 | D:5      | Reached skill level 5 in Shapeshifting
  4033 | D:6      | Reached XP level 9. HP: 4/47 MP: 14/16
  4150 | D:6      | Reached skill level 6 in Unarmed Combat
  4179 | D:6      | Found Atzaufi's Distillery.
  4192 | D:6      | Bought a potion of degeneration for 13 gold pieces
  4192 | D:6      | Bought a potion of might for 52 gold pieces
  4192 | D:6      | Bought a potion of attraction for 39 gold pieces
  4196 | D:6      | Noticed Menkaure
  4204 | D:6      | Killed Menkaure
  4375 | D:6      | Learned a level 3 spell: Vhi's Electric Charge
  4743 | D:7      | Reached skill level 5 in Spellcasting
  5043 | D:7      | Noticed Pikel
  5054 | D:7      | Killed Pikel
  5055 | D:7      | Reached skill level 7 in Unarmed Combat
  5055 | D:7      | Reached XP level 10. HP: 5/53 MP: 19/19
  5171 | D:7      | Noticed Maggie
  5180 | D:7      | Killed from afar by Maggie

Illustrated notes

Levels and vault maps discovered:
D:1:      dpeg_arrival_round_a, layout_rooms, chequers_jeans, minmay_quantized
D:2:      layout_loops_ring
D:3:      layout_basic, kiku_gazebo_garden_becter,
          mainiacjoe_overflow_catwalk_spiral, pdpol_wu_jian_five_deadly_venoms,
          uniq_sigmund
D:4:      layout_loops_ring, grunt_temple_overflow_opulence,
          lemuel_crystal_altar, nicolae_vehumet_altar_sigil,
          minmay_temple_entry_statues, serial_shops, nicolae_shop_waterfront,
          serial_co_window_serial, co_window_paths_b,
          co_window_of_opportunity_a, co_window_paths_b, co_window_paths_b,
          co_window_paths_a, co_window_paths_a, co_window_paths_a,
          co_window_paths_a, co_window_corner_a, co_window_of_opportunity_b,
          co_window_unsneaky_path_b, co_window_corner_b,
          co_window_of_opportunity_b, co_window_broadway_c,
          co_window_of_opportunity_b, co_window_corner_cb, glass_columns_a,
          uniq_duvessa
D:5:      layout_loops_ring, minmay_fractal_squares_gapless_5,
          uniq_blork_the_orc
D:6:      layout_rooms, serial_shops, shop, kennysheep_potato, uniq_menkaure
D:7:      layout_loops_ring, gammafunk_ghost_split,
          nicolae_concentric_dashed_squares_mild, minmay_misc_feat_tower,
          uniq_maggie, uniq_pikel
Temple:   compressed_dpeg_triangle_lava_temple

Skill      XL: |  1  2  3  4  5  6  7  8  9 |
---------------+----------------------------+-----
Fighting       | 3 4 5 6 |  6.4
Dodging        | 3 |  3.0
Unarmed Combat | 4 5 7 |  7.0
Spellcasting   | 1 2 3 4 5 |  5.8
Shapeshifting  | 1 2 3 5 6 |  6.9

Action                     |  1- 3 |  4- 6 |  7- 9 | 10-12 || total
---------------------------+-------+-------+-------+-------++-------
  Melee: Unarmed           |    17 |    42 |   122 |     7 ||   188
         Bite              |    30 |     9 |       |       ||    39
         Dagger            |    73 |    29 |       |       ||   102
         Punch             |       |     1 |     1 |       ||     2
Ability: Blinkbolt         |       |       |     2 |       ||     2
   Stab: Sleeping          |       |       |     6 |       ||     6
 Armour: Robe              |    12 |     3 |       |       ||    15
         Skin              |       |     3 |    10 |     1 ||    14
  Dodge: Dodged            |    71 |    51 |   113 |     3 ||   238
   Form: Storm             |       |     1 |       |       ||     1

Table legend: (Time is in decaauts)
 A = Elapsed time spent in this place.
 B = Non-inter-level travel time spent in this place.
 C = Inter-level travel time spent in this place.
 D = Time resting spent in this place.
 E = Time spent auto-exploring this place.
 F = Levels seen in this place.
 G = Mean time per level.
                   A        B        C        D        E       F      G
               +--------+--------+--------+--------+--------+-----+--------+
         Total |   5161 |   4792 |    369 |      0 |   4000 |   8 |  645.1 |
       Dungeon |   5160 |   4791 |    369 |      0 |   4000 |   7 |  737.1 |
        Temple |      1 |      1 |      0 |      0 |      0 |   1 |    1.0 |
               +--------+--------+--------+--------+--------+-----+--------+

Top non-repeatable levels by time:
     D:4: 1100 daAuts
     D:5: 805 daAuts
     D:1: 774 daAuts
     D:6: 709 daAuts
     D:2: 706 daAuts
     D:3: 628 daAuts
     D:7: 434 daAuts
  Temple: 1 daAuts
